| TOP OF THE 1ST |
|
Vanderbilt University Commodores batting - Pitching for Stanford University Cardinal : RHP Jesus Hernandez
|
|
Pitching: RHP Jesus Hernandez
|
|
|
Batting: RHB Jose Ramos
|
0-0: Ball 1-0: Ground out 2-3 (Groundball, 2R, EV 70.0 MPH)
|
|
Batting: RHB Paul Johnson
|
0-0: Ball 1-0: Ground out 5-3 (Groundball, 56, EV 93.8 MPH)
|
|
Batting: RHB Pakiana Kileona
|
0-0: Foul Ball, location: 2F 0-1: Ball 1-1: Swinging Strike 1-2: Ball 2-2: Ball 3-2: Base on Balls
|
|
Batting: RHB Brad Nathan
|
0-0: SINGLE (Flyball, 34D, EV 93.8 MPH) Pakiana Kileona to second Runner from 2nd tries for 3rd, SAFE, no throw by RF
|
|
Batting: RHB Mamadou Morand
|
0-0: Fielders Choice at 2nd, 6-4 (Groundball, 56, EV 83.1 MPH)
|
| Top of the 1st over - 0 runs, 1 hit, 0 errors, 2 left on base; Vanderbilt University 0 - Stanford University 0 |
| BOTTOM OF THE 1ST |
|
Stanford University Cardinal batting - Pitching for Vanderbilt University Commodores : RHP Gabriel Marsh
|
|
Pitching: RHP Gabriel Marsh
|
|
|
Batting: RHB John Van der Linden
|
0-0: Foul Ball, location: 2F 0-1: Ball 1-1: Foul Ball, location: 2F 1-2: Strikes out swinging
|
|
Batting: RHB Joe Gabriel
|
0-0: Ball 1-0: Foul Ball, location: 2F 1-1: DOUBLE (Line Drive, 9LS, EV 99.4 MPH)
|
|
Batting: LHB Donny Kleinjan
|
0-0: Ball 1-0: Foul Ball, location: 2F 1-1: Ball 2-1: Ball 3-1: Base on Balls
|
|
Batting: RHB Joe Petley
|
0-0: Ball 1-0: Ball 2-0: Ball 3-0: Called Strike 3-1: Base on Balls Joe Gabriel to third Donny Kleinjan to second
|
|
Batting: LHB Mike Keating
|
0-0: Called Strike 0-1: Ball 1-1: Swinging Strike 1-2: Foul Ball, location: 2F 1-2: Ball 2-2: Strikes out swinging
|
|
Batting: LHB Chien Sam
|
0-0: Foul Ball, location: 2F 0-1: Ball 1-1: Ball 2-1: Foul Ball, location: 2F 2-2: Foul Ball, location: 2F 2-2: Ground out 1-3 (Groundball, 13S, EV 71.9 MPH)
|
| Bottom of the 1st over - 0 runs, 1 hit, 0 errors, 3 left on base; Vanderbilt University 0 - Stanford University 0 |
| TOP OF THE 2ND |
|
Vanderbilt University Commodores batting - Pitching for Stanford University Cardinal : RHP Jesus Hernandez
|
|
Batting: LHB Josh Jett
|
0-0: Called Strike 0-1: Ball 1-1: Swinging Strike 1-2: Strikes out swinging
|
|
Batting: SHB D.J. Davis
|
0-0: Ball 1-0: Swinging Strike 1-1: Called Strike 1-2: Ball 2-2: Foul Ball, location: 2F 2-2: Ball 3-2: Strikes out swinging
|
|
Batting: RHB Eric Hays
|
0-0: Called Strike 0-1: Foul Ball, location: 2F 0-2: Ground out 5-3 (Groundball, 56S, EV 70.6 MPH)
|
| Top of the 2nd over - 0 runs, 0 hits, 0 errors, 0 left on base; Vanderbilt University 0 - Stanford University 0 |
| BOTTOM OF THE 2ND |
|
Stanford University Cardinal batting - Pitching for Vanderbilt University Commodores : RHP Gabriel Marsh
|
|
Batting: LHB Bryan Davidson
|
0-0: Ball 1-0: Ball 2-0: Foul Ball, location: 2F 2-1: Called Strike 2-2: SINGLE (Flyball, 8LS, EV 93.8 MPH)
|
|
Batting: LHB Caleb Hartwell
|
0-0: Ball 1-0: Ball 2-0: SINGLE (Flyball, 78S, EV 90.6 MPH) Bryan Davidson to second
|
|
Batting: RHB Ted Hickey
|
0-0: Ball 1-0: Ball 2-0: Ball 3-0: Called Strike 3-1: Base on Balls Bryan Davidson to third Caleb Hartwell to second
|
|
Batting: RHB John Van der Linden
|
0-0: Ball 1-0: Ball 2-0: Ball 3-0: Called Strike 3-1: Called Strike 3-2: SINGLE (Line Drive, 89S, EV 90.0 MPH) Bryan Davidson scores Caleb Hartwell to third Ted Hickey to second
|
|
Batting: RHB Joe Gabriel
|
0-0: Ball 1-0: DOUBLE (Line Drive, 8LD, EV 88.1 MPH) Caleb Hartwell scores Ted Hickey scores John Van der Linden to third
|
|
Batting: LHB Donny Kleinjan
|
0-0: Ball 1-0: Ground out 4-3 (Groundball, 4, EV 97.5 MPH) John Van der Linden scores Joe Gabriel to third
|
|
Batting: RHB Joe Petley
|
0-0: Ball 1-0: Called Strike 1-1: Ball 2-1: Ball 3-1: Called Strike 3-2: Base on Balls
|
|
Batting: LHB Mike Keating
|
0-0: Called Strike 0-1: Swinging Strike 0-2: Foul Ball, location: 2F 0-2: Strikes out swinging
|
|
Batting: LHB Chien Sam
|
0-0: Ball 1-0: SINGLE (Groundball, 34D, EV 99.4 MPH) Joe Gabriel scores Joe Petley to second Runner from 2nd tries for 3rd, SAFE, no throw by RF
|
|
Pitching: RHP Tyler Patel
|
|
|
Batting: LHB Bryan Davidson
|
0-0: Called Strike 0-1: Ground out 5-3 (Groundball, 56, EV 105.6 MPH)
|
| Bottom of the 2nd over - 5 runs, 5 hits, 0 errors, 2 left on base; Vanderbilt University 0 - Stanford University 5 |
| TOP OF THE 3RD |
|
Vanderbilt University Commodores batting - Pitching for Stanford University Cardinal : RHP Jesus Hernandez
|
|
Batting: SHB Paul Dupuis
|
0-0: SINGLE (Groundball, P, EV 80.0 MPH) (infield hit)
|
|
Batting: RHB Jose Ramos
|
0-0: Foul Ball, location: 2F 0-1: Foul Ball, location: 2F 0-2: Ball 1-2: 2-RUN HOME RUN (Flyball, 9D, EV 102.5 MPH), Distance : 387 ft
|
|
Batting: RHB Paul Johnson
|
0-0: Foul Ball, location: 2F 0-1: Ground out 6-3 (Groundball, 6, EV 106.9 MPH)
|
|
Batting: RHB Pakiana Kileona
|
0-0: Ball 1-0: Ball 2-0: Ball 3-0: Called Strike 3-1: Fly out, F2 (Popup, 15S, EV 81.2 MPH)
|
|
Batting: RHB Brad Nathan
|
0-0: Called Strike 0-1: Swinging Strike 0-2: Foul Ball, location: 2F 0-2: Strikes out looking
|
| Top of the 3rd over - 2 runs, 2 hits, 0 errors, 0 left on base; Vanderbilt University 2 - Stanford University 5 |
| BOTTOM OF THE 3RD |
|
Stanford University Cardinal batting - Pitching for Vanderbilt University Commodores : RHP Tyler Patel
|
|
Batting: LHB Caleb Hartwell
|
0-0: Ground out U3 (Groundball, 3L, EV 103.8 MPH)
|
|
Batting: RHB Ted Hickey
|
0-0: Ball 1-0: Ball 2-0: Called Strike 2-1: Called Strike 2-2: Strikes out swinging
|
|
Batting: RHB John Van der Linden
|
0-0: Ball 1-0: Foul Ball, location: 2F 1-1: Ground out 2-3 (Groundball, 15S, EV 65.0 MPH)
|
| Bottom of the 3rd over - 0 runs, 0 hits, 0 errors, 0 left on base; Vanderbilt University 2 - Stanford University 5 |
| TOP OF THE 4TH |
|
Vanderbilt University Commodores batting - Pitching for Stanford University Cardinal : RHP Jesus Hernandez
|
|
Batting: RHB Mamadou Morand
|
0-0: Called Strike 0-1: Swinging Strike 0-2: Ball 1-2: Reached on error, E6 (Groundball, 6, EV 86.2 MPH)
|
|
Batting: LHB Josh Jett
|
0-0: Foul Ball, location: 2F 0-1: SINGLE (Line Drive, 3D, EV 95.6 MPH) Mamadou Morand to third Runner from 3rd tries for Home, throw by RF and OUT! 9-2
|
|
Batting: SHB D.J. Davis
|
0-0: Ball 1-0: Called Strike 1-1: Ball 2-1: Foul Ball, location: 2F 2-2: Ball 3-2: Foul Ball, location: 2F 3-2: Strikes out swinging
|
|
Batting: RHB Eric Hays
|
0-0: Called Strike 0-1: Foul Ball, location: 2F 0-2: Fly out, F8 (Line Drive, 8RS, EV 87.5 MPH)
|
| Top of the 4th over - 0 runs, 1 hit, 1 error, 1 left on base; Vanderbilt University 2 - Stanford University 5 |
| BOTTOM OF THE 4TH |
|
Stanford University Cardinal batting - Pitching for Vanderbilt University Commodores : RHP Tyler Patel
|
|
Batting: RHB Joe Gabriel
|
0-0: Called Strike 0-1: SINGLE (Groundball, 4D, EV 95.6 MPH)
|
|
Batting: LHB Donny Kleinjan
|
0-0: Called Strike 0-1: Swinging Strike 0-2: Foul Ball, location: 2F 0-2: Foul Ball, location: 2F 0-2: Ball 1-2: Fly out, F1 (Line Drive, P, EV 66.9 MPH)
|
|
Batting: RHB Joe Petley
|
0-0: Ball 1-0: Ball 2-0: Called Strike 2-1: Ball 3-1: Base on Balls Joe Gabriel to second
|
|
Batting: LHB Mike Keating
|
0-0: Foul Ball, location: 2F 0-1: Ball 1-1: Ball 2-1: Foul Ball, location: 2F 2-2: Fielders Choice at 2nd, 3-6 (Groundball, 34, EV 101.2 MPH) Joe Gabriel to third
|
|
Batting: LHB Chien Sam
|
0-0: DOUBLE (Line Drive, 89D, EV 101.9 MPH) Joe Gabriel scores Mike Keating to third Runner from 3rd tries for Home, SAFE, no throw by CF
|
|
Batting: LHB Bryan Davidson
|
0-0: Ball 1-0: Swinging Strike 1-1: Ball 2-1: Foul Ball, location: 2F 2-2: Strikes out looking
|
| Bottom of the 4th over - 2 runs, 2 hits, 0 errors, 1 left on base; Vanderbilt University 2 - Stanford University 7 |
| TOP OF THE 5TH |
|
Vanderbilt University Commodores batting - Pitching for Stanford University Cardinal : RHP Jesus Hernandez
|
|
Batting: SHB Paul Dupuis
|
0-0: Ground out 4-3 (Groundball, 34D, EV 86.2 MPH)
|
|
Batting: RHB Jose Ramos
|
0-0: Ball 1-0: Called Strike 1-1: Foul Ball, location: 2F 1-2: Ground out 5-3 (Groundball, 56, EV 79.4 MPH)
|
|
Batting: RHB Paul Johnson
|
0-0: Called Strike 0-1: Called Strike 0-2: Ball 1-2: Ball 2-2: Ball 3-2: Strikes out swinging
|
| Top of the 5th over - 0 runs, 0 hits, 0 errors, 0 left on base; Vanderbilt University 2 - Stanford University 7 |
| BOTTOM OF THE 5TH |
|
Stanford University Cardinal batting - Pitching for Vanderbilt University Commodores : RHP Tyler Patel
|
|
Batting: LHB Caleb Hartwell
|
0-0: Fly out, F8 (Line Drive, 8RD, EV 95.6 MPH)
|
|
Batting: RHB Ted Hickey
|
0-0: Ball 1-0: Called Strike 1-1: Ball 2-1: Called Strike 2-2: Ball 3-2: Base on Balls
|
|
Pitching: RHP Craig Wayne
|
|
|
Batting: RHB John Van der Linden
|
0-0: Ball 1-0: Called Strike 1-1: Swinging Strike 1-2: Foul Ball, location: 2F 1-2: Strikes out swinging
|
|
Batting: RHB Joe Gabriel
|
0-0: Ball 1-0: Foul Ball, location: 2F 1-1: Called Strike 1-2: Strikes out looking
|
| Bottom of the 5th over - 0 runs, 0 hits, 0 errors, 1 left on base; Vanderbilt University 2 - Stanford University 7 |
| TOP OF THE 6TH |
|
Vanderbilt University Commodores batting - Pitching for Stanford University Cardinal : RHP Jesus Hernandez
|
|
Batting: RHB Pakiana Kileona
|
0-0: Swinging Strike 0-1: Ball 1-1: Foul Ball, location: 2F 1-2: Ball 2-2: Strikes out looking
|
|
Batting: RHB Brad Nathan
|
0-0: Foul Ball, location: 2F 0-1: Ball 1-1: SINGLE (Groundball, 6MD, EV 96.9 MPH)
|
|
Batting: RHB Mamadou Morand
|
0-0: Ball 1-0: Foul Ball, location: 2F 1-1: Foul Ball, location: 2F 1-2: Ball 2-2: Ball 3-2: Base on Balls Brad Nathan to second
|
|
Batting: LHB Josh Jett
|
0-0: Called Strike 0-1: Ball 1-1: Fielders Choice at 2nd, 3-6 (Groundball, 3, EV 87.5 MPH) Brad Nathan to third
|
|
Pitching: RHP John Hollinger
|
|
|
Batting: SHB D.J. Davis
|
0-0: Called Strike 0-1: Ball Wild Pitch! Brad Nathan scores Josh Jett to second 1-1: Ball 2-1: Called Strike 2-2: Ball 3-2: Fly out, F7 (Flyball, 78D, EV 91.2 MPH)
|
| Top of the 6th over - 1 run, 1 hit, 0 errors, 1 left on base; Vanderbilt University 3 - Stanford University 7 |
| BOTTOM OF THE 6TH |
|
Stanford University Cardinal batting - Pitching for Vanderbilt University Commodores : RHP Craig Wayne
|
|
Batting: LHB Donny Kleinjan
|
0-0: Ball 1-0: Ball 2-0: Ball 3-0: Base on Balls
|
|
Batting: RHB Joe Petley
|
0-0: Ball 1-0: Foul Ball, location: 2F 1-1: Swinging Strike 1-2: Foul Ball, location: 2F 1-2: Foul Ball, location: 2F 1-2: Ball 2-2: Ball 3-2: Base on Balls Donny Kleinjan to second
|
|
Pitching: LHP Kyle McGuire
|
|
|
Batting: LHB Mike Keating
|
0-0: Ball 1-0: Foul Ball, location: 2F 1-1: SINGLE (Flyball, 78S, EV 100.6 MPH) Donny Kleinjan to third Joe Petley to second
|
|
Batting: LHB Chien Sam
|
0-0: Fielders Choice at 2nd, 4-6 (Groundball, 4, EV 96.9 MPH) Donny Kleinjan scores Joe Petley to third
|
|
Batting: LHB Bryan Davidson
|
0-0: Ball 1-0: SINGLE (Groundball, 23, EV 73.1 MPH) (infield hit) Chien Sam to second
|
|
Batting: LHB Caleb Hartwell
|
0-0: Called Strike 0-1: Ball 1-1: Ball 2-1: Ball 3-1: Base on Balls Joe Petley scores Chien Sam to third Bryan Davidson to second
|
|
Batting: RHB Ted Hickey
|
0-0: Fly out, F8 (Line Drive, 8RD, EV 93.1 MPH) Runner from 3rd tags up, SCORES, throw by CF
|
|
Batting: RHB John Van der Linden
|
0-0: Ball 1-0: Foul Ball, location: 2F 1-1: Foul Ball, location: 2F 1-2: Ball 2-2: Ball 3-2: Foul Ball, location: 2F 3-2: Foul Ball, location: 2F 3-2: Base on Balls Bryan Davidson to third Caleb Hartwell to second
|
|
Pitching: RHP Milutin Mladjenovic
|
|
|
Batting: RHB Joe Gabriel
|
0-0: Foul Ball, location: 2F 0-1: Ball 1-1: Ball 2-1: SINGLE (Line Drive, 4D, EV 98.8 MPH) Bryan Davidson scores Caleb Hartwell to third John Van der Linden to second Runner from 3rd tries for Home, SAFE, throw by RF to home
|
|
Batting: LHB Donny Kleinjan
|
0-0: Called Strike 0-1: SINGLE (Groundball, 56, EV 104.4 MPH) John Van der Linden to third Joe Gabriel to second Runner from 3rd tries for Home, SAFE, throw by LF to home
|
|
Batting: RHB Joe Petley
|
0-0: Ball 1-0: Foul Ball, location: 2F 1-1: Foul Ball, location: 2F 1-2: Ball 2-2: Fly out, F8 (Line Drive, 8RM, EV 106.9 MPH)
|
| Bottom of the 6th over - 6 runs, 4 hits, 0 errors, 2 left on base; Vanderbilt University 3 - Stanford University 13 |
| TOP OF THE 7TH |
|
Vanderbilt University Commodores batting - Pitching for Stanford University Cardinal : RHP John Hollinger
|
|
Batting: RHB Eric Hays
|
0-0: Fly out, F3 (Line Drive, 34, EV 67.5 MPH)
|
|
Batting: SHB Paul Dupuis
|
0-0: Called Strike 0-1: Ball 1-1: Foul Ball, location: 2F 1-2: Ball 2-2: Strikes out looking
|
|
Batting: RHB Jose Ramos
|
0-0: Called Strike 0-1: Ball 1-1: Foul Ball, location: 2F 1-2: Strikes out looking
|
| Top of the 7th over - 0 runs, 0 hits, 0 errors, 0 left on base; Vanderbilt University 3 - Stanford University 13 |
| BOTTOM OF THE 7TH |
|
Stanford University Cardinal batting - Pitching for Vanderbilt University Commodores : RHP Milutin Mladjenovic
|
|
Batting: LHB Mike Keating
|
0-0: Ball 1-0: Called Strike 1-1: Ball 2-1: Foul Ball, location: 2F 2-2: Ball 3-2: Strikes out looking
|
|
Batting: LHB Chien Sam
|
0-0: Ball 1-0: Called Strike 1-1: Called Strike 1-2: Strikes out swinging
|
|
Batting: LHB Bryan Davidson
|
0-0: Reached on error, E3 (Groundball, 3L, EV 81.9 MPH)
|
|
Batting: LHB Caleb Hartwell
|
0-0: Ball 1-0: Swinging Strike 1-1: Foul Ball, location: 2F 1-2: Foul Ball, location: 2F 1-2: Foul Ball, location: 2F 1-2: Ball 2-2: Ground out 4-3 (Groundball, 4, EV 88.8 MPH)
|
| Bottom of the 7th over - 0 runs, 0 hits, 1 error, 1 left on base; Vanderbilt University 3 - Stanford University 13 |
| TOP OF THE 8TH |
|
Vanderbilt University Commodores batting - Pitching for Stanford University Cardinal : RHP John Hollinger
|
|
Batting: RHB Paul Johnson
|
0-0: Foul Ball, location: 2F 0-1: Ground out 5-3 (Groundball, 56, EV 90.0 MPH)
|
|
Batting: RHB Pakiana Kileona
|
0-0: Called Strike 0-1: Called Strike 0-2: Strikes out swinging
|
|
Batting: RHB Brad Nathan
|
0-0: Called Strike 0-1: Ball 1-1: SINGLE (Groundball, 6D, EV 103.8 MPH)
|
|
Batting: RHB Mamadou Morand
|
0-0: Fly out, F4 (Popup, 4M, EV 76.9 MPH)
|
| Top of the 8th over - 0 runs, 1 hit, 0 errors, 1 left on base; Vanderbilt University 3 - Stanford University 13 |
| BOTTOM OF THE 8TH |
|
Stanford University Cardinal batting - Pitching for Vanderbilt University Commodores : RHP Milutin Mladjenovic
|
|
Pitching: RHP Matt Lane
|
|
|
Pinch Hitting: RHB Carlton Hookway
|
0-0: Ball 1-0: Called Strike 1-1: SINGLE (Line Drive, 89S, EV 108.8 MPH)
|
|
Batting: RHB John Van der Linden
|
0-0: Called Strike 0-1: Ball Passed Ball! Carlton Hookway to second 1-1: Ball 2-1: Swinging Strike 2-2: Ball 3-2: Strikes out swinging
|
|
Pinch Hitting: RHB Dzevat Koljevic
|
0-0: Foul Ball, location: 2F 0-1: Foul Ball, location: 2F 0-2: Ground out U3 (Groundball, 34S, EV 77.5 MPH) Carlton Hookway to third
|
|
Batting: LHB Donny Kleinjan
|
0-0: Ball 1-0: Swinging Strike 1-1: Foul Ball, location: 2F 1-2: Ball 2-2: Ball 3-2: Strikes out swinging
|
| Bottom of the 8th over - 0 runs, 1 hit, 0 errors, 1 left on base; Vanderbilt University 3 - Stanford University 13 |
| TOP OF THE 9TH |
|
Vanderbilt University Commodores batting - Pitching for Stanford University Cardinal : RHP John Hollinger
|
|
Now at SS: Dzevat Koljevic
|
|
|
Now in CF: Josh Benefield
|
|
|
Batting: LHB Josh Jett
|
0-0: Foul Ball, location: 2F 0-1: Foul Ball, location: 2F 0-2: Ball 1-2: Strikes out swinging
|
|
Batting: SHB D.J. Davis
|
0-0: SINGLE (Flyball, 78S, EV 92.5 MPH)
|
|
Pitching: RHP Eddie Georges
|
|
|
Batting: RHB Eric Hays
|
0-0: Ball 1-0: Ball 2-0: Grounds into double play, 3-6-1 (Groundball, 34, EV 104.4 MPH)
|
| Top of the 9th over - 0 runs, 1 hit, 0 errors, 0 left on base; Vanderbilt University 3 - Stanford University 13 |
|